 Dungeon Crawl Stone Soup version 0.30.0-19-g36f170ea60 (webtiles) character file.

Game seed: 2997418123649945855

17 KamiKatze the Conjurer (level 2, -1/11 HPs)
             Began as a Felid Conjurer on May 30, 2023.
             Slain by a quokka (3 damage)
             ... on level 1 of the Dungeon.
             The game lasted 00:03:26 (581 turns).

KamiKatze the Conjurer (Felid Conjurer)              Turns: 581, Time: 00:03:27

Health: -1/11      AC:  1    Str:  3    XL:     2   Next: 44%
Magic:  2/6        EV: 17    Int: 19    God:
Gold:   12         SH:  0    Dex: 14    Spells: 2/5 levels left
                                        Lives:  0   Deaths: 0

rFire   . . .        (weapon unavailable)
rCold   . . .        (shield unavailable)
rNeg    . . .        (body armour unavailable)
rPois   .            (helmet unavailable)
rElec   .            (cloak unavailable)
rCorr   .            (gloves unavailable)
SInv    +            (boots unavailable)
Will    .....        (no amulet)
Stlth   ++           (no ring)
HPRegen 0.21/turn    (no ring)
MPRegen 0.10/turn

%: no passive effects
@: quick
A: very small, claws 1, fangs 3, see invisible, speed 1, shaggy fur 1, stealthy
paws, no weapons or thrown items, no armour, multi-lived
a: no special abilities


You were on level 1 of the Dungeon.
You visited 1 branch of the dungeon, and saw 1 of its levels.

You collected 12 gold pieces.

Inventory:

Scrolls
 c - a scroll of torment {unknown}
 e - a scroll of fear {unknown}
Potions
 a - 3 potions of magic
 b - a potion of resistance {unknown}
 d - a potion of heal wounds {unknown}


   Skills:
 + Level 2.9 Dodging
 - Level 3.0 Stealth
 * Level 2.2 Spellcasting
 * Level 3.8 Conjurations
 + Level 0.4 Hexes
 + Level 0.6 Translocations


You had 2 spell levels left.
You knew the following spells:

 Your Spells              Type           Power      Damage    Failure   Level
a - Magic Dart            Conj           64%        1d6       3%          1
b - Searing Ray           Conj           32%        2d5       4%          2

Your spell library contained the following spells:

 Spells                   Type           Power      Damage    Failure   Level
 Dazzling Flash           Conj/Hex       20%        N/A       21%         3
 Iskenderun's Mystic Bla  Conj/Tloc      10%        2d4       54%         4
 Fulminant Prism          Conj/Hex       5%         3d7       56%         4


Dungeon Overview and Level Annotations

Branches:
Dungeon (1/15)

Altars:


Innate Abilities, Weirdness & Mutations

You have sharp claws.
You have razor-sharp teeth.
You have supernaturally acute eyesight. (SInv)
You cover ground quickly. (Speed+)
You are covered in fur. (AC +1)
Your paws help you pounce on unaware monsters.
You are incapable of wielding weapons or throwing items.
You cannot wear armour.
You gain extra lives every three experience levels.


Message History

You closely miss the kobold. You bite the kobold, but do no damage.
The kobold is severely wounded.
The kobold misses you.
You scratch the kobold but do no damage.
The kobold is severely wounded.
The kobold hits you with a +0 whip.
* * * LOW HITPOINT WARNING * * *
You scratch the kobold but do no damage.
The kobold is severely wounded.
The kobold closely misses you.
A quokka comes into view.
The kobold throws a stone.
The stone hits you.
* * * LOW HITPOINT WARNING * * *
The kobold throws a stone.
The stone barely misses you.
Casting: Magic Dart (safe; 3% risk of failure)
Confirm with . or Enter, or press ? or * to list all spells.
Aiming: Magic Dart (safe; 3% risk of failure)
Press: ? - help, Shift-Dir - straight line, f/p - kobold
Aim: a kobold, wielding a +0 whip and quivering stones (severely wounded, 100% to hit)
The magic dart hits the kobold.
You kill the kobold!
Found 2 pink potions.
Casting: Magic Dart (safe; 3% risk of failure)
Confirm with . or Enter, or press ? or * to list all spells.
Aiming: Magic Dart (safe; 3% risk of failure)
Press: ? - help, Shift-Dir - straight line, f - quokka
Aim: a quokka (100% to hit)
The magic dart hits the quokka.
The quokka is moderately wounded.
You closely miss the quokka. You bite the quokka, but do no damage.
The quokka is moderately wounded.
The quokka completely misses you.
You scratch the quokka.
The quokka is severely wounded.
The quokka bites you.
* * * LOW HITPOINT WARNING * * *
You scratch the quokka.
The quokka is almost dead.
The quokka bites you.
You die...

##..#.'####'.#...........##
#..#.#....#.#........#.###
#..#†#.##.#.#........#....
####.#.#.##.#.#.......##..##
##....#.#....#)#...........#
####.....#.+####+.#...........g
#....#...#.. ..#.......#.....
##.####...+########+.............
...####.#......r@......... ..##.#
.####.................... ..# ..
###.....................
........................
###.....................
........................
........................
.............)......!...
.................


You could see a quokka.

Vanquished Creatures
  2 endoplasms (D:1)
  3 giant cockroaches (D:1)
  A goblin (D:1)
  2 hobgoblins (D:1)
  2 quokkas (D:1)
  A ball python (D:1)
  3 frilled lizards (D:1)
  A kobold (D:1)
15 creatures vanquished.

Notes
Turn   | Place    | Note
-------+----------+-------------------------------------------
     0 | D:1      | KamiKatze the Felid Conjurer began the quest for the Orb.
     0 | D:1      | Reached XP level 1. HP: 7/7 MP: 4/4
   330 | D:1      | Reached XP level 2. HP: 11/11 MP: 3/6
   333 | D:1      | Learned a level 2 spell: Searing Ray
   581 | D:1      | Slain by a quokka

Illustrated notes

Levels and vault maps discovered:
D:1:      kilobyte_arrival_exit_the_forest, layout_rooms, minivault_11

Skill      XL: |  1  2 |
---------------+-------+-----
Stealth        | 3 |  3.0
Dodging        | |  2.9
Spellcasting   | |  2.2
Conjurations   | |  3.8
Hexes          | |  0.4
Translocations | |  0.6

Action                     || total
---------------------------++-------
  Melee: Unarmed           ||    18
         Bite              ||     3
         Punch             ||     1
   Cast: Magic Dart        ||    30
         Searing Ray       ||     1
  Dodge: Dodged            ||    13
